 Dungeon Crawl Stone Soup version 0.25.1-2-g60ff931df9 (webtiles) character file.

Game seed: 13581224558625066444

47219 Luthien the Destroyer (level 14, 0/88 HPs)
             Began as a Deep Elf Conjurer on Aug 19, 2020.
             Was a High Priest of Vehumet.
             Killed by the air
             ... invoked by a wind drake
              (8 damage)
             ... on level 1 of the Shoals.
             The game lasted 02:08:28 (24065 turns).

Luthien the Destroyer (Deep Elf Conjurer)          Turns: 24065, Time: 02:08:28

Health: 0/88       AC: 14    Str:  5    XL:     14   Next: 7%
Magic:  15/34      EV: 15    Int: 31    God:    Vehumet [*****.]
Gold:   760        SH: 15    Dex: 15    Spells: 19/41 levels left

rFire    . . .     SeeInvis .   a - +7 dagger of Kismet {elec, MR+ Int+2}
rCold    + . .     Gourm    .   u - +2 kite shield
rNeg     + . .     Faith    .   k - +2 robe {rN+}
rPois    .         Spirit   .   e - +2 helmet {Int+3}
rElec    .         Reflect  +   W - +0 cloak
rCorr    .         Harm     .   S - +2 pair of gloves
MR       +++..                  Z - +0 pair of boots
Stlth    ++++......             x - amulet of reflection
HPRegen  0.24/turn              n - ring of protection from cold
MPRegen  0.24/turn              H - ring of protection from magic

@: no status effects
A: slimy green scales 1
a: Renounce Religion


You were on level 1 of the Shoals.
You worshipped Vehumet.
Vehumet was extremely pleased with you.
You were not hungry.

You visited 5 branches of the dungeon, and saw 20 of its levels.
You also visited: Bailey.

You collected 2205 gold pieces.
You spent 1445 gold pieces at shops.

Inventory:

Hand Weapons
 a - the +7 dagger of Kismet (weapon) {elec, MR+ Int+2}
   (You found it on level 5 of the Dungeon)

   Occasionally, upon striking a foe, it will discharge some electrical energy
   and cause terrible harm.
   It affects your intelligence (+2).
   It affects your resistance to hostile enchantments.
 b - a +0 hunting sling
Missiles
 i - 508 stones (quivered)
 l - 24 boomerangs
 r - 306 arrows
 t - 12 silver boomerangs
 A - 120 bolts
 B - 28 poisoned darts
 J - 61 sling bullets
Armour
 e - a +2 helmet of intelligence (worn)
 k - a +2 robe of positive energy (worn)
 u - a +2 kite shield (worn)
 Q - a +0 scale mail of cold resistance
 S - a +2 pair of gloves (worn)
 W - a +0 cloak (worn)
 Z - a +0 pair of boots (worn)
Magical Staves
 T - an uncursed staff of wizardry
Jewellery
 n - a ring of protection from cold (left hand)
 x - an amulet of reflection (around neck)
 H - a ring of protection from magic (right hand)
 Y - an uncursed ring of positive energy
Wands
 m - a wand of iceblast (13)
 p - a wand of flame (36)
 E - a wand of digging (8)
 L - a wand of disintegration (25)
Scrolls
 j - 13 scrolls of remove curse
 y - 6 scrolls of teleportation
 I - 4 scrolls of magic mapping
 M - a scroll of identify
 P - a scroll of fear
 V - a scroll of silence
Potions
 d - a potion of magic
 g - 6 potions of flight
 o - 2 potions of degeneration
 q - 2 potions of haste
 s - a potion of brilliance
 v - 4 potions of might
 D - 2 potions of cancellation
Comestibles
 c - 31 rations


   Skills:
 + Level 10.7 Fighting
 - Level 8.0 Dodging
 - Level 9.0 Stealth
 - Level 4.0 Shields
 - Level 14.0 Spellcasting
 + Level 14.4 Conjurations
 - Level 6.0 Hexes
 - Level 7.0 Evocations


You had 19 spell levels left.
You knew the following spells:

 Your Spells              Type           Power        Failure   Level  Hunger
a - Magic Dart            Conj           ####         0%          1    None
b - Searing Ray           Conj           ######       1%          2    None
i - Iskenderun's Mystic   Conj/Tloc      ######..     1%          4    None
p - Fulminant Prism       Conj/Hex       ######....   1%          4    None
A - Ignite Poison         Fire/Tmut/Pois ###.....     7%          3    None
B - Mephitic Cloud        Conj/Pois/Air  ######..     1%          3    None
C - Bolt of Magma         Conj/Fire/Erth ######....   10%         5    None

Your spell library contained the following spells:

 Spells                   Type           Power        Failure   Level  Hunger
 Corona                   Hex            ######.      1%          1    None
 Dazzling Flash           Conj/Hex       ######       1%          3    None
 Confusing Touch          Hex            ######..     2%          3    None
 Tukima's Dance           Hex            ######..     2%          3    None
 Ensorcelled Hibernation  Hex/Ice        #####.       3%          2    None
 Summon Guardian Golem    Hex/Summ       #####...     8%          3    None
 Sting                    Tmut/Pois      ###.         9%          1    None
 Summon Small Mammal      Summ           ###.         9%          1    None
 Call Imp                 Summ           ###.....     13%         2    None
 Poisonous Vapours        Pois/Air       ###...       13%         2    None
 Olgreb's Toxic Radiance  Pois           ###.....     22%         4    None
 Call Canine Familiar     Summ           ###.....     26%         3    None
 Recall                   Summ/Tloc      N/A          26%         3    None
 Summon Mana Viper        Hex/Summ       #####...     56%         5    None
 Summon Ice Beast         Ice/Summ       ###.....     65%         4    None
 Summon Lightning Spire   Summ/Air       ###.....     65%         4    None
 Aura of Abjuration       Summ           ###.......   94%         5    None
 Summon Demon             Summ           ###.......   94%         5    None
 Summon Forest            Summ/Tloc      ###.......   94%         5    None
 Shadow Creatures         Summ           N/A          100%        6    ###....


Dungeon Overview and Level Annotations

Branches:
Dungeon (11/15)            Temple (1/1) D:6            Lair (5/6) D:9
 Shoals (1/4) Lair:2        Snake (0/4) Lair:4        Slime (0/5) Lair:5
    Orc (2/2) D:10            Elf (0/3) Orc:2        Bailey (visited)

Altars:
Ashenzari
Dithmenos
Elyvilon
Fedhas
Gozag
Hepliaklqana
Kikubaaqudgha
Makhleb
Nemelex Xobeh
Qazlal
Sif Muna
Trog
Uskayaw
Vehumet
Wu Jian
Xom
Yredelemnul
The Shining One
Beogh

Shops:
D:4 (   Orc:2 =*([

Annotations:
D:7 2 runed translucent doors, stazo's ghost, novice DsFi


Innate Abilities, Weirdness & Mutations

You are partially covered in slimy green scales. (AC +2)


Message History

Your fulminant prism crackles loudly.
Unknown command.
You closely miss the wind drake.
The wind drake bites you but does no damage.
The sea snake bites you.
Your fulminant prism explodes!
The blast of energy engulfs the wind drake!!!
The wind drake is severely wounded.
The blast of energy engulfs the snapping turtle!!
The snapping turtle is severely wounded.
The blast of energy engulfs the hippogriff!
The hippogriff is almost dead.
The blast of energy engulfs the sea snake!
You kill the sea snake!
Vehumet accepts your kill.
You feel your power returning. The blast of energy engulfs you!!!
* * * LOW HITPOINT WARNING * * *
The wind drake flaps its wings at you. The air twists around and strikes you!
You die...

!.≈≈≈≈≈≈≈≈.#
##..≈≈≈≈≈.### ≈≈≈≈≈
##.≈≈≈≈≈...## ≈≈≈≈≈
#..≈≈≈≈≈(k)# ≈≈≈≈≈≈
##.≈≈≈≈≈≈...#### ≈≈≈≈≈≈
#...≈≈≈≈≈....≈.##≈≈≈≈≈≈
##..[≈≈≈≈.≈(....≈≈≈≈≈≈.
#.≈.≈≈≈≈≈≈≈...#.≈≈≈≈..
...≈≈≈≈.....t.H@.....≈.
....≈≈≈.≈......k..≈.....
....≈≈.≈≈≈...<..(....#.#
≈≈≈≈≈≈≈≈≈≈.(≈÷.........#
≈≈≈≈≈≈≈≈≈≈≈≈≈......≈≈.##
≈≈≈≈≈≈≈.≈≈≈≈...≈...#
≈≈≈≈≈≈≈≈≈≈≈≈≈....###
≈≈≈≈≈≈≈≈≈≈≈.≈....#
≈≈≈≈≈≈≈≈###.≈≈≈...


You could see a snapping turtle, 2 wind drakes and a hippogriff.

Vanquished Creatures
  An orc warlord (Orc:2)
  A stone giant (Orc:1)
  An ettin (Orc:1)
  3 hydras
  A merfolk avatar (Shoals:1)
  A two-headed ogre (D:8)
  5 death yaks (Lair:5)
  2 orc high priests
  2 sea snakes (Shoals:1)
  4 oklob plants (Lair:5)
  5 orc knights
  A faun (Shoals:1)
  4 orc sorcerers (Orc:2)
  2 manticores (Shoals:1)
  5 black mambas
  2 water nymphs (Shoals:1)
  4 elephants (Lair:5)
  A gargoyle (D:9)
  5 spiny frogs
  4 rime drakes
  4 komodo dragons
  5 trolls
  A tengu conjurer (D:11)
  A polar bear (Lair:5)
  A wind drake (Shoals:1)
  3 blink frogs (Lair:5)
  5 dream sheep (Lair:5)
  10 hippogriffs
  A snapping turtle (Lair:2)
  Sigmund (D:3)
  3 wyverns
  26 yaks
  Eustachio (D:4)
  2 water elementals
  A warg (Orc:1)
  Edmund (D:4)
  12 water moccasins
  29 orc warriors
  2 black bears
  4 ice beasts
  12 porcupines
  6 ogres
  5 sky beasts
  A necrophage (D:10)
  A phantom (D:4)
  4 centaurs
  9 wolves
  11 crocodiles
  8 bullfrogs
  A gnoll sergeant (D:10)
  2 scorpions
  5 jellies
  3 wights (D:9)
  3 howler monkeys
  An electric eel (Lair:2)
  2 crimson imps
  2 bullfrog zombies
  2 centaur zombies
  14 orc priests
  19 orc wizards
  Crazy Yiuf (D:4)
  3 bullfrog skeletons
  5 hounds
  A centaur skeleton (D:9)
  Jessica (D:2)
  4 iguanas
  6 worker ants
  2 hound skeletons (D:6)
  Robin (D:3)
  10 gnolls
  14 adders
  3 shadow imps
  3 oozes
  An adder skeleton (D:4)
  A worm (D:2)
  A dart slug (D:1)
  6 leopard geckos
  66 orcs
  6 giant cockroaches
  20 goblins
  8 hobgoblins
  7 jackals
  5 quokkas
  A ball python (D:3)
  5 bats
  5 frilled lizards
  A jackal skeleton (D:5)
  6 kobolds
  7 rats
  6 fungi
  A plant (Lair:3)
485 creatures vanquished.

Vanquished Creatures (others)
  243 fulminant prisms
  A fungus (Lair:5)
  4 plants
248 creatures vanquished.

Grand Total: 733 creatures vanquished

Notes
Turn   | Place    | Note
-------+----------+-------------------------------------------
     0 | D:1      | Luthien the Deep Elf Conjurer began the quest for the Orb.
     0 | D:1      | Reached XP level 1. HP: 10/10 MP: 6/6
     3 | D:1      | Noticed an electric eel
     3 | D:1      | Noticed an electric eel
   286 | D:1      | Reached XP level 2. HP: 15/15 MP: 5/8
   290 | D:1      | Learned a level 2 spell: Searing Ray
   887 | D:1      | Found a shadowy altar of Dithmenos.
   890 | D:1      | Found an opulent altar of Gozag.
   890 | D:1      | Found a shimmering altar of Xom.
   909 | D:1      | Found an opulent altar of Gozag.
   909 | D:1      | Found a shimmering blue altar of Sif Muna.
   909 | D:1      | Found a glowing golden altar of the Shining One.
  1273 | D:2      | Reached XP level 3. HP: 19/19 MP: 7/10
  1454 | D:2      | Noticed Jessica
  1542 | D:3      | Noticed Sigmund
  1543 | D:3      | Noticed Robin
  2110 | D:3      | Reached XP level 4. HP: 24/24 MP: 7/11
  2180 | D:3      | Noticed an ogre
  2273 | D:3      | Reached skill level 5 in Conjurations
  2512 | D:3      | Killed an ogre
  2512 | D:3      | Reached XP level 5. HP: 28/28 MP: 7/14
  2885 | D:3      | Killed Sigmund
  2885 | D:3      | Reached skill level 1 in Fighting
  2885 | D:3      | Reached skill level 5 in Spellcasting
  2885 | D:3      | Reached XP level 6. HP: 22/34 MP: 9/16
  3057 | D:3      | Killed Robin
  3784 | D:4      | Reached XP level 7. HP: 39/39 MP: 12/17
  3834 | D:4      | Noticed Eustachio
  3877 | D:5      | Entered Level 5 of the Dungeon
  3932 | D:5      | Found a shattered altar of Ashenzari.
  4293 | D:5      | Learned a level 4 spell: Fulminant Prism
  4298 | D:5      | Learned a level 4 spell: Iskenderun's Mystic Blast
  4495 | D:5      | Got a polished dagger
  4496 | D:5      | Identified the +7 dagger of Kismet {elec, MR+ Int+2} (You
                  | found it on level 5 of the Dungeon)
  4839 | D:5      | Found an ornate altar of the Wu Jian Council.
  5319 | D:6      | Reached skill level 1 in Hexes
  5319 | D:6      | Reached skill level 1 in Evocations
  5555 | D:6      | Found a staircase to the Ecumenical Temple.
  5562 | Temple   | Entered the Ecumenical Temple
  5742 | Temple   | Became a worshipper of Vehumet
  5796 | D:6      | Reached skill level 1 in Shields
  5796 | D:6      | Reached XP level 8. HP: 45/45 MP: 9/20
  7105 | D:2      | Killed Jessica
  7418 | D:4      | Killed Eustachio
  7620 | D:4      | Found Agodog's Antique Weapon Shoppe.
  7890 | D:4      | Noticed Edmund
  7898 | D:4      | Killed Edmund
  8333 | D:4      | Found a runed translucent door.
  8334 | D:4      | Noticed Crazy Yiuf
  8339 | D:4      | Killed Crazy Yiuf
  8581 | D:7      | Reached XP level 9. HP: 52/52 MP: 20/23
  8667 | D:7      | Found a large runed translucent door.
  8667 | D:7      | Found a large runed translucent door.
  8672 | D:7      | Noticed stazo's ghost (novice DsFi)
  8754 | D:7      | Reached * piety under Vehumet
  8754 | D:7      | Offered knowledge of Sandblast by Vehumet.
  9139 | D:7      | Reached skill level 5 in Hexes
  9164 | D:7      | Found a bloodstained altar of Trog.
  9606 | D:8      | Noticed a two-headed ogre
  9738 | D:8      | Got a jade-encrusted ring mail
 10206 | D:8      | Killed a two-headed ogre
 10206 | D:8      | Reached skill level 5 in Fighting
 10206 | D:8      | Reached XP level 10. HP: 59/59 MP: 13/25
 10374 | D:8      | Identified the +4 ring mail of Precision Catastrophes
                  | {SInv} (You found it on level 8 of the Dungeon)
 10597 | D:9      | Found a shimmering blue altar of Sif Muna.
 10665 | D:9      | Reached skill level 10 in Spellcasting
 10777 | D:9      | Noticed a gargoyle
 10789 | D:9      | Killed a gargoyle
 10805 | D:10     | Entered Level 10 of the Dungeon
 10805 | D:10     | Found a staircase to the Orcish Mines.
 10934 | D:10     | Offered knowledge of Shock by Vehumet.
 11092 | D:10     | Reached ** piety under Vehumet
 11126 | D:10     | Reached skill level 5 in Evocations
 11659 | D:10     | Found a roughly hewn altar of Beogh.
 11938 | D:11     | Offered knowledge of Ignite Poison by Vehumet.
 11995 | D:11     | Found a flagged portal.
 12009 | Bailey   | Entered a bailey
 12184 | Bailey   | Noticed an orc knight
 12187 | Bailey   | Reached skill level 10 in Conjurations
 12205 | Bailey   | Killed an orc knight
 12208 | Bailey   | Reached XP level 11. HP: 64/64 MP: 12/28
 12487 | Bailey   | Got a fading helmet
 12498 | Bailey   | Identified the +2 helmet "Etenocvo" {*Slow rPois Dex+7}
                  | (You found it in a bailey)
 12559 | D:11     | Reached *** piety under Vehumet
 12816 | D:11     | Learned a level 3 spell: Ignite Poison
 12820 | D:11     | Learned a level 3 spell: Mephitic Cloud
 13381 | D:9      | Offered knowledge of Sticky Flame by Vehumet.
 13624 | D:9      | Found a staircase to the Lair.
 13967 | Lair:1   | Entered Level 1 of the Lair of Beasts
 13977 | Lair:1   | Noticed a five-headed hydra
 13986 | Lair:1   | Killed a five-headed hydra
 14396 | Lair:1   | Reached **** piety under Vehumet
 14530 | Lair:1   | Noticed an eight-headed hydra
 14536 | Lair:1   | Killed an eight-headed hydra
 14696 | Lair:1   | Got a masterwork chain mail
 14855 | Lair:1   | Reached skill level 5 in Stealth
 15233 | Lair:1   | Identified the +4 chain mail of Hangman {*Contam Harm
                  | +Blink rF- Str+7} (You found it on level 1 of the Lair of
                  | Beasts)
 15272 | Lair:1   | Gained mutation: You are partially covered in slimy green
                  | scales. (AC +2) [mutagenic glow]
 15302 | Lair:2   | Offered knowledge of Static Discharge by Vehumet.
 15465 | Lair:2   | Reached XP level 12. HP: 73/73 MP: 23/30
 15471 | Lair:2   | Noticed a five-headed hydra
 15481 | Lair:2   | Killed a five-headed hydra
 15481 | Lair:2   | Reached skill level 5 in Dodging
 16082 | Lair:2   | Found a staircase to the Shoals.
 17378 | Lair:4   | Found a staircase to the Snake Pit.
 17758 | Lair:4   | Found a gate leading to a gauntlet.
 17937 | Lair:4   | Found a white marble altar of Elyvilon.
 18887 | Lair:5   | Reached ***** piety under Vehumet
 18991 | Lair:5   | Noticed a death yak
 18991 | Lair:5   | Noticed a death yak
 18991 | Lair:5   | Noticed a death yak
 18991 | Lair:5   | Noticed a death yak
 19006 | Lair:5   | Killed a death yak
 19012 | Lair:5   | Killed a death yak
 19012 | Lair:5   | Reached XP level 13. HP: 79/79 MP: 11/32
 19012 | Lair:5   | Offered knowledge of Bolt of Magma by Vehumet.
 20038 | Lair:5   | Found a staircase to the Slime Pits.
 20384 | Lair:5   | Learned a level 5 spell: Bolt of Magma
 20558 | Orc:1    | Entered Level 1 of the Orcish Mines
 20630 | Orc:1    | Noticed an ettin
 20789 | Orc:1    | Killed an ettin
 21210 | Orc:2    | Entered Level 2 of the Orcish Mines
 21661 | Orc:2    | Reached skill level 10 in Fighting
 21698 | Orc:2    | Noticed an orc warlord
 21705 | Orc:2    | Killed an orc warlord
 22742 | Orc:2    | Found a roughly hewn altar of Beogh.
 22746 | Orc:2    | Found Xamiompera's Jewellery Boutique.
 22845 | Orc:2    | Found a staircase to the Elven Halls.
 22882 | Orc:2    | Found Kiava's Antique Weapon Boutique.
 22898 | Orc:2    | Found Nicikh's Antique Armour Boutique.
 22905 | Orc:2    | Bought a runed kite shield for 277 gold pieces
 22905 | Orc:2    | Bought a faintly glowing chain mail for 351 gold pieces
 22917 | Orc:2    | Found Olutioguan's General Store.
 22923 | Orc:2    | Bought a potion of mutation for 120 gold pieces
 22944 | Orc:2    | Identified the +7 chain mail "Neuv" {Slay+2} (You bought it
                  | in a shop on level 2 of the Orcish Mines)
 22995 | Orc:2    | Bought a brightly glowing hand axe for 272 gold pieces
 22995 | Orc:2    | Identified the +6 hand axe of Ragnarok {protect, Dex+4}
                  | (You bought it in a shop on level 2 of the Orcish Mines)
 23116 | Orc:1    | Noticed a stone giant
 23124 | Orc:1    | Killed a stone giant
 23497 | Orc:2    | Bought an uncursed ring of protection from magic for 425
                  | gold pieces
 23623 | Shoals:1 | Entered Level 1 of the Shoals
 23656 | Shoals:1 | Found the +0 pair of fencer's gloves {Riposte Dex+3}
 23675 | Shoals:1 | Reached XP level 14. HP: 17/88 MP: 5/34
 23689 | Shoals:1 | HP: 3/88 [water elemental (14)]
 24065 | Shoals:1 | Killed from afar by a wind drake

Illustrated notes

Levels and vault maps discovered:
D:1:      arrival_aquarium_b, layout_basic, doesnt_xom_only_xom
D:2:      layout_loops_ring, first_ration, uniq_jessica
D:3:      layout_rooms, grunt_ministairs_1, uniq_sigmund, uniq_robin
D:4:      layout_gridville, serial_shops, nicolae_shop_behind_doors,
          abandoned_shop, uniq_eustachio, uniq_crazy_yiuf_cottage, uniq_edmund
D:5:      layout_gridville, evilmike_ruin_ashenzari, basic_altar
D:6:      layout_layer_cave, minmay_temple_entry_junction
D:7:      layout_loops_ring, bloody_trog, ebering_ghost_disaster_area,
          minmay_misc_feat_more_columns
D:8:      layout_basic
D:9:      layout_basic, overflow_temple_1_default,
          grunt_lair_entry_orc_guard_hut
D:10:     layout_rooms, minmay_orc_entry_temple_small
D:11:     layout_loops_ring, enter_bailey_3, grunt_tengu_nest
Temple:   dpeg_five_rooms_temple
Lair:1:   layout_regular_city, grunt_megastairs_4
Lair:2:   layout_misc_corridors, minmay_shoals_entry_hut
Lair:3:   layout_gridlike, serial_bayou_shore_b
Lair:4:   layout_misc_corridors, dummy_snake_entry, basic_altar,
          gauntlet_entry_generic
Lair:5:   layout_hall_layers, minmay_slime_entry_oklob_enclosed,
          serial_bayou_shore_b, grunt_megastairs_3
Shoals:1: layout_shoals, nicolae_shoals_dead_sea_scrolls
Orc:1:    layout_diamond_mine
Orc:2:    grunt_orc_cross, layout_caves

Skill      XL: |  1  2  3  4  5  6  7  8  9 10 11 12 13 |
---------------+----------------------------------------+-----
Stealth        | 3 4 5 8 9 |  9.0
Dodging        | 3 4 7 8 |  8.0
Spellcasting   | 4 5 7 8 9 11 12 13 14 | 14.0
Conjurations   | 5 6 7 8 10 11 12 14 | 14.4
Fighting       | 1 2 3 5 6 7 8 10 | 10.7
Hexes          | 1 4 6 |  6.0
Evocations     | 1 3 5 7 |  7.0
Shields        | 1 2 4 |  4.0

Action                   |  1- 3 |  4- 6 |  7- 9 | 10-12 | 13-15 || total
-------------------------+-------+-------+-------+-------+-------++-------
Melee: Dagger            |       |       |    11 |     5 |     9 ||    25
       Staff             |       |       |       |     3 |       ||     3
 Fire: Hunting sling     |     4 |       |       |       |       ||     4
Throw: Stone             |       |       |       |     2 |     8 ||    10
 Cast: Magic Dart        |    43 |    25 |    44 |    17 |    27 ||   156
       Searing Ray       |    17 |    14 |    59 |   114 |    25 ||   229
       Fulminant Prism   |       |       |    15 |   106 |   123 ||   244
       Iskenderun's Myst |       |       |       |     4 |     1 ||     5
       Mephitic Cloud    |       |       |       |     9 |    10 ||    19
       Ignite Poison     |       |       |       |     5 |     3 ||     8
       Bolt of Magma     |       |       |       |       |     2 ||     2
Evoke: Wand              |       |       |       |     1 |     6 ||     7
  Use: Scroll            |     2 |     4 |     1 |     9 |    15 ||    31
       Potion            |       |       |       |     1 |     7 ||     8
 Stab: Sleeping          |       |       |     2 |       |       ||     2
  Eat: Chunk             |     4 |     5 |    19 |    24 |    12 ||    64
       Ration            |       |       |       |     1 |     1 ||     2
Armor: Robe              |     3 |       |     3 |       |     7 ||    13
       Leather armour    |       |       |     2 |       |       ||     2
       Ring mail         |       |       |       |    42 |       ||    42
       Steam dragon scal |       |       |       |       |    13 ||    13
Dodge: Dodged            |    16 |    10 |    10 |    46 |    37 ||   119
Block: Buckler           |       |       |    20 |    66 |    27 ||   113
       Reflection        |       |       |     3 |     5 |    15 ||    23
       Kite shield       |       |       |       |       |    23 ||    23
